 Dungeon Crawl Stone Soup version 0.28.0-53-g5a82cb258f (webtiles) character file.

Game seed: 2496404564551449740

20291 quokkamancerX the Warrior (level 12, -4/126 HPs)
             Began as an Ogre Fire Elementalist on June 11, 2022.
             Was an Elder of Hepliaklqana.
             Slain by a white ugly thing (23 damage)
             ... in an ice cave.
             The game lasted 01:10:38 (20176 turns).

quokkamancerX the Warrior (Ogre Fire Elementalist) Turns: 20176, Time: 01:10:39

Health: -4/126     AC: 14    Str: 15    XL:     12   Next: 78%
Magic:  0/26       EV:  7    Int: 20    God:    Hepliaklqana [****..]
Gold:   875        SH:  8    Dex:  9    Spells: 22/31 levels left

rFire   . . .      SeeInvis .   q - staff of conjuration
rCold   . . .      Faith    .   D - +0 kite shield
rNeg    . . .      Spirit   +   b - +0 steam dragon scales
rPois   .          Reflect  .   I - +1 hat {Will+}
rElec   .          Harm     .   H - +2 cloak
rCorr   .          Rampage  .   (gloves unavailable)
Will    +++..                   (boots unavailable)
Stlth   +.........              A - amulet of guardian spirit
HPRegen 0.31/turn               f - ring of willpower
MPRegen 0.20/turn               l - +4 ring of protection

@: constricted
A: reduced essence, large, unfitting armour, tough skin 1
a: Renounce Religion, Recall Ancestor, Ancestor Identity, Transference, Idealise


You were in an ice cave.
You worshipped Hepliaklqana.
Hepliaklqana was greatly pleased with you.
You visited 3 branches of the dungeon, and saw 14 of its levels.
You also visited: Ice Cave.

You collected 875 gold pieces.

Inventory:

Hand Weapons
 J - the +4 spear "Nolotiw" {protect, Will+ SInv}
   (You took it off a spriggan on level 10 of the Dungeon)

   It grants its wielder temporary protection when it strikes (+7 to AC).
   SInv:      It lets you see invisible.
   Will:      It increases your willpower.
Armour
 b - +0 steam dragon scales (worn)
 D - a +0 kite shield (worn)
 H - a +2 cloak (worn)
 I - a +1 hat of willpower (worn)
Magical Staves
 q - a staff of conjuration (weapon)
Jewellery
 f - a ring of willpower (left hand)
 h - a ring of willpower
 l - a +4 ring of protection (right hand)
 o - a ring of ice
 t - a ring of positive energy
 x - a ring of protection from fire
 A - an amulet of guardian spirit (around neck)
Wands
 r - a wand of flame (26)
 G - a wand of paralysis (3)
 K - a wand of acid (1)
Scrolls
 a - a scroll of brand weapon
 i - 3 scrolls of amnesia
 j - 4 scrolls of teleportation
 k - a scroll of magic mapping
 n - a scroll of immolation
 v - 2 scrolls of fog
 w - 2 scrolls of enchant weapon
 y - a scroll of holy word
 L - a scroll of fear
Potions
 c - 2 potions of magic
 d - a potion of might {unknown}
 e - 2 potions of ambrosia
 g - a potion of cancellation {unknown}
 m - 2 potions of curing
 p - 2 potions of lignification
 s - 6 potions of haste
 u - 2 potions of flight
 B - a potion of berserk rage {unknown}
 C - a potion of resistance {unknown}
 E - 2 potions of brilliance
 F - a potion of attraction {unknown}


   Skills:
 - Level 15.0 Fighting
 + Level 7.0 Dodging
 - Level 1.4 Stealth
 - Level 6.0 Shields
 - Level 10.0 Spellcasting
 - Level 6.0 Conjurations
 - Level 9.0 Fire Magic


You had 22 spell levels left.
You knew the following spells:

 Your Spells              Type           Power      Damage    Failure   Level
a - Foxfire               Conj/Fire      100%       2x1d9     1%          1
b - Scorch                Fire           92%        2d9       1%          2
c - Conjure Flame         Conj/Fire      56%        6-21      1%          3
d - Inner Flame           Hex/Fire       28%        N/A       7%          3

Your spell library contained the following spells:

 Spells                   Type           Power      Damage    Failure   Level
 Magic Dart               Conj           100%       1d8       1%          1
 Searing Ray              Conj           100%       2d8       1%          2
 Static Discharge         Conj/Air       33%        N/A       6%          2
 Flame Wave               Conj/Fire      56%        2d11      7%          4
 Beastly Appendage        Tmut           20%        N/A       14%         1
 Wereblood                Tmut           10%        N/A       22%         2
 Fulminant Prism          Conj/Hex       16%        3d11      38%         4
 Spider Form              Tmut/Pois      10%        N/A       41%         3
 Lightning Bolt           Conj/Air       16%        1d30      75%         5
 Airstrike                Air            5%         N/A       82%         4
 Summon Lightning Spire   Summ/Air       10%        N/A       82%         4
 Maxwell's Capacitive Co  Air            5%         ∞         100%        8


Dungeon Overview and Level Annotations

Branches:
Dungeon (11/15)            Temple (1/1) D:7            Lair (2/6) D:11
    Orc (0/2) D:9           IceCv (1/1)
  Swamp: Lair:2-4    Shoals: Lair:2-4     Snake: Lair:2-4    Spider: Lair:2-4

Altars:
Ashenzari
Cheibriados
Dithmenos
Elyvilon
Fedhas
Gozag
Hepliaklqana
Kikubaaqudgha
Makhleb
Nemelex Xobeh
Okawaru
Qazlal
Ru
Sif Muna
Trog
Uskayaw
Vehumet
Wu Jian
Xom
Yredelemnul
Zin
The Shining One


Innate Abilities, Weirdness & Mutations

Your life essence is reduced to manifest your ancestor. (-10% HP)
You are too large for most types of armour.
You have tough skin. (AC +1)


Message History

Casting: Foxfire (safe; 1% risk of failure)
Confirm with . or Enter, or press ? or * to list all spells.
You feel a surge of power!
You conjure some foxfire!
The anaconda simulacrum bites you but does no damage.
The anaconda simulacrum constricts you.
Lydia hits the death yak simulacrum with a +0 flail.
You block the wolf simulacrum's attack.
The white ugly thing trunk-slaps you but does no damage.
The death yak simulacrum gores you! The death yak simulacrum freezes you!!!
You feel much better.
The foxfire hits the death yak simulacrum!
The death yak simulacrum melts!
The death yak simulacrum vaporises!
You hear a sizzling sound!
The foxfire hits the wolf simulacrum.
The wolf simulacrum is moderately damaged.
The anaconda simulacrum bites you but does no damage.
The anaconda simulacrum constricts you.
The wolf simulacrum bites you but does no damage.
Lydia hits the white ugly thing with a +0 flail!
The anaconda simulacrum bites you but does no damage.
The anaconda simulacrum constricts you. The white ugly thing trunk-slaps you!
The white ugly thing freezes you! You block the wolf simulacrum's attack.
Casting: Foxfire (safe; 1% risk of failure)
Confirm with . or Enter, or press ? or * to list all spells.
Flames lash the entropy weaver simulacrum.
The entropy weaver simulacrum melts!
The entropy weaver simulacrum is heavily damaged.
The entropy weaver simulacrum's fire resistance burns away.
The anaconda simulacrum bites you! The anaconda simulacrum freezes you!
* * * LOW HITPOINT WARNING * * *
The anaconda simulacrum constricts you.
* * * LOW HITPOINT WARNING * * *
The entropy weaver simulacrum hits Lydia but does no damage. x3
The entropy weaver simulacrum closely misses Lydia.
Lydia hits the white ugly thing with a +0 flail.
You block the wolf simulacrum's attack. The white ugly thing trunk-slaps you.
* * * LOW HITPOINT WARNING * * *
The white ugly thing freezes you!!
You die...

####
####...##
##........
##.........
##..........
#....Z..8..?
#...R.....[.
#.∩@uZ...($©
#..ZZ.....).
#.......8..$
##..........
##.........
##........
####...##
####


You could see the friendly Lydia the knight, a white ugly thing, an anaconda
simulacrum, a wolf simulacrum (ally target) and 2 entropy weaver simulacra.

Vanquished Creatures
  Gastronok (D:10)
  Snorg (D:10)
  A boulder beetle (D:11)
  Erica (D:10)
  A two-headed ogre (D:10)
  A deep elf pyromancer (D:10)
  A manticore (D:10)
  The ghost of Zeld the Summoner, a novice FeSu of Hepliaklqana (D:10)
  2 cane toads
  3 komodo dragons
  A troll (D:11)
  A polar bear (Lair:1)
  2 burning bushes (Lair:2)
  2 blink frogs (Lair:1)
  A spriggan (D:10)
  Eustachio (D:5)
  A wyvern (D:8)
  11 yaks
  A steam dragon (D:7)
  A death yak simulacrum (IceCv)
  2 acid dragons
  Duvessa (D:4)
  A water moccasin (Lair:1)
  A sky beast (D:6)
  5 orc warriors (D:9)
  An ogre (D:5)
  A wolf (D:10)
  10 centaurs
  A phantom (D:4)
  A kobold brigand (D:6)
  3 bullfrogs
  A gnoll sergeant (D:6)
  A water moccasin zombie (D:6)
  A wyvern zombie (D:6)
  6 scorpions
  A wyvern skeleton (D:6)
  Dowan (D:4)
  A water moccasin skeleton (D:4)
  4 killer bees (D:8)
  2 howler monkeys
  2 hounds
  A jelly (D:5)
  3 centaur zombies
  A bullfrog skeleton (D:5)
  2 orc priests
  2 iguanas
  A centaur skeleton (D:7)
  5 orc wizards
  2 killer bee zombies (D:7)
  A hound skeleton (D:4)
  3 adders
  4 gnolls (D:6)
  3 white imps
  An adder skeleton (D:4)
  A dart slug (D:1)
  26 orcs
  2 bats (D:2)
  3 endoplasms
  A giant cockroach (D:1)
  13 goblins
  11 hobgoblins
  2 jackals (D:3)
  3 quokkas
  6 ball pythons
  6 frilled lizards
  18 kobolds
  3 rats
206 creatures vanquished.

Vanquished Creatures (collateral kills)
  A boulder beetle (D:9)
  2 two-headed ogres
  A cane toad (Lair:1)
  2 unseen horrors
  A komodo dragon (Lair:1)
  A polar bear (D:10)
  A troll (D:11)
  A blink frog (Lair:1)
  A hornet (D:8)
  A spriggan (D:10)
  13 yaks
  2 wyverns
  A water moccasin (Lair:1)
  A centaur (D:11)
  A bullfrog (Lair:1)
  2 orc priests
  A hound (D:5)
  A jelly (D:5)
  An iguana (D:4)
  4 orc wizards
  A gnoll (D:6)
  A howler monkey skeleton (D:7)
  6 orcs (D:9)
  A foxfire (Lair:1)
48 creatures vanquished.

Vanquished Creatures (others)
  3 knights
  4 ancestors
  619 foxfires
  2 fungi
  10 plants
638 creatures vanquished.

Grand Total: 892 creatures vanquished

Notes
Turn   | Place    | Note
-------+----------+-------------------------------------------
     0 | D:1      | quokkamancerX the Ogre Fire Elementalist began the quest
                  | for the Orb.
     0 | D:1      | Reached XP level 1. HP: 16/16 MP: 3/3
    50 | D:1      | Found a faded altar of an unknown god.
   502 | D:1      | Reached XP level 2. HP: 22/24 MP: 6/6
  1242 | D:1      | Reached XP level 3. HP: 31/31 MP: 4/8
  1826 | D:2      | Found a hazy altar of Hepliaklqana.
  1832 | D:2      | Became a worshipper of Hepliaklqana the Forgotten
  2561 | D:2      | Reached XP level 4. HP: 39/39 MP: 6/10
  2777 | D:2      | Learned a level 2 spell: Scorch
  3270 | D:3      | Reached skill level 5 in Spellcasting
  3625 | D:3      | Noticed a scorpion
  3644 | D:3      | Killed a scorpion
  3645 | D:3      | Reached XP level 5. HP: 27/45 MP: 0/13
  4091 | D:3      | Reached skill level 1 in Conjurations
  4426 | D:4      | Reached * piety under Hepliaklqana
  4588 | D:4      | Reached XP level 6. HP: 47/47 MP: 6/15
  5072 | D:4      | You fall into a shaft and drop 3 floors!
  5093 | D:7      | Found a staircase to the Ecumenical Temple.
  5115 | D:7      | Reached XP level 7. HP: 52/53 MP: 7/16
  5208 | D:7      | Noticed a steam dragon
  5217 | D:7      | Killed a steam dragon
  5387 | Temple   | Entered the Ecumenical Temple
  5692 | D:7      | Identified the +7 hand axe of the Hills {holy, rElec rCorr
                  | Dex-3}
  6357 | D:6      | Reached skill level 5 in Fire Magic
  6400 | D:6      | Reached XP level 8. HP: 43/60 MP: 0/17
  6572 | D:6      | Found a radiant altar of Vehumet.
  6594 | D:6      | Found a sacrificial altar of Ru.
  6675 | D:6      | Reached skill level 5 in Conjurations
  6801 | D:6      | Learned a level 3 spell: Conjure Flame
  6881 | D:5      | Entered Level 5 of the Dungeon
  6881 | D:5      | Noticed Eustachio
  7049 | D:4      | Noticed Duvessa
  7055 | D:4      | Noticed Dowan
  7186 | D:4      | Killed Dowan
  7188 | D:4      | Killed Duvessa
  7699 | D:5      | Reached skill level 1 in Fighting
  7701 | D:5      | Reached skill level 2 in Fighting
  7755 | D:5      | Reached skill level 3 in Fighting
  7759 | D:5      | Reached skill level 4 in Fighting
  7927 | D:5      | Killed Eustachio
  7928 | D:5      | Reached skill level 6 in Fighting
  7928 | D:5      | Reached XP level 9. HP: 80/80 MP: 10/18
  8031 | D:5      | Reached skill level 7 in Fighting
  8606 | D:6      | Reached skill level 8 in Fighting
  9088 | D:7      | Reached skill level 9 in Fighting
  9414 | D:7      | Reached ** piety under Hepliaklqana
  9415 | D:7      | Remembered your ancestor Lydia as a knight
  9513 | D:7      | Found a hide-covered altar of Uskayaw.
  9513 | D:7      | Found a glowing golden altar of the Shining One.
 10123 | D:8      | Reached skill level 10 in Fighting
 10302 | D:8      | Reached skill level 11 in Fighting
 10657 | D:8      | Noticed a hornet
 10666 | D:8      | Killed a hornet
 10869 | D:9      | Noticed a two-headed ogre
 10873 | D:9      | Killed a two-headed ogre
 10874 | D:9      | Reached skill level 12 in Fighting
 10874 | D:9      | Reached skill level 13 in Fighting
 10874 | D:9      | Reached XP level 10. HP: 23/107 MP: 11/19
 11279 | D:9      | Reached skill level 14 in Fighting
 12033 | D:9      | Reached skill level 15 in Fighting
 12764 | D:9      | Killed an unseen horror
 12765 | D:9      | Reached skill level 1 in Shields
 12879 | D:9      | Found a staircase to the Orcish Mines.
 12916 | D:10     | Entered Level 10 of the Dungeon
 12916 | D:10     | Reached *** piety under Hepliaklqana
 13004 | D:10     | Noticed Snorg
 13015 | D:10     | Killed Snorg
 13016 | D:10     | Reached XP level 11. HP: 60/118 MP: 1/22
 13552 | D:10     | Noticed Zeld's ghost (novice FeSu)
 13553 | D:10     | Found a runed translucent door.
 13554 | D:10     | Identified the +4 spear "Nolotiw" {protect, Will+ SInv}
 13701 | D:10     | Noticed Gastronok
 13706 | D:10     | Noticed a boulder beetle
 13717 | D:10     | Killed Gastronok
 13776 | D:9      | HP: 2/118 [boulder beetle (5)]
 14474 | D:9      | Killed a boulder beetle
 14840 | D:10     | Identified the +6 quarterstaff of Doom {antimagic, Dex+2}
 15118 | D:10     | Killed Zeld's ghost
 15119 | D:10     | Reached skill level 5 in Shields
 15558 | D:11     | Noticed Erica
 16077 | D:11     | Noticed a two-headed ogre
 16083 | D:10     | Killed Erica
 16084 | D:10     | Reached skill level 10 in Spellcasting
 16145 | D:11     | Killed a two-headed ogre
 16185 | D:11     | Reached **** piety under Hepliaklqana
 16435 | D:11     | Noticed a boulder beetle
 16644 | D:11     | Killed a boulder beetle
 16645 | D:11     | Reached XP level 12. HP: 97/126 MP: 1/26
 16818 | D:11     | Noticed a two-headed ogre
 16852 | D:10     | Killed a two-headed ogre
 17352 | D:11     | Found a staircase to the Lair.
 17556 | D:11     | Learned a level 3 spell: Inner Flame
 18081 | Lair:1   | Entered Level 1 of the Lair of Beasts
 18588 | Lair:1   | Reached skill level 5 in Dodging
 20163 | Lair:2   | Found a frozen archway.
 20169 | IceCv    | Entered an ice cave
 20176 | IceCv    | Slain by a white ugly thing

Illustrated notes

Levels and vault maps discovered:
D:1:      sevenhm_arrival_forest_fort_small_5, layout_loops_ring,
          ebering_ecumenical_altar_abandoned, serial_bayou_pond_b,
          item_on_display_a
D:2:      layout_basic, basic_altar, minmay_misc_feat_room,
          minmay_misc_feat_iff, minmay_joined_circles
D:3:      layout_basic, minmay_stone_trees_medium
D:4:      layout_loops_ring, minmay_pentomino_pile, uniq_duvessa
D:5:      layout_rooms, uniq_eustachio
D:6:      layout_loops_ring, grunt_temple_overflow_open
D:7:      layout_loops_ring, gammafunk_temple_overflow_pools,
          minmay_temple_entry_steel_oval
D:8:      layout_gridville, dk_noncrumbling_2
D:9:      layout_roguey, david_orc_4, serial_bayou_pond_d
D:10:     layout_stronghold, ebering_ghost_funeral_grove, uniq_snorg,
          uniq_gastronok
D:11:     layout_grid_maze, lair_entry_dummy, uniq_erica
Temple:   dpeg_five_rooms_temple
Lair:1:   layout_cave_pods
Lair:2:   layout_regular_city, nicolae_swamp_entry_splash_gauntlet,
          portal_ice_cave_entry_pillars_1, evilmike_ambush
          [evilmike_ambush_outer_pillars, evilmike_ambush_inner_basic]
IceCv:    ice_cave_statue_garden_transporter

Skill      XL: |  1  2  3  4  5  6  7  8  9 10 11 12 |
---------------+-------------------------------------+-----
Spellcasting   | 3 4 5 6 7 10 | 10.0
Conjurations   | 2 3 4 6 |  6.0
Fire Magic     | 3 4 5 6 7 9 |  9.0
Fighting       | 6 13 15 | 15.0
Shields        | 2 6 |  6.0
Dodging        | 7 |  7.0
Stealth        | |  1.4

Action                   |  1- 3 |  4- 6 |  7- 9 | 10-12 || total
-------------------------+-------+-------+-------+-------++-------
Melee: Short sword       |    21 |    11 |       |       ||    32
       Punch             |     1 |       |       |       ||     1
       Staff             |       |       |       |    28 ||    28
 Cast: Foxfire           |    79 |    51 |    99 |   130 ||   359
       Scorch            |       |    33 |   101 |   220 ||   354
       Conjure Flame     |       |       |     4 |       ||     4
       Inner Flame       |       |       |       |     4 ||     4
Invok: Recall Ancestor   |       |     2 |       |     9 ||    11
       Ancestor Identity |       |       |     2 |       ||     2
       Ancestor Life: Kn |       |       |     1 |       ||     1
Evoke: Wand              |       |       |       |     5 ||     5
  Use: Scroll            |       |     4 |     3 |    15 ||    22
       Potion            |       |       |       |     7 ||     7
 Stab: Sleeping          |     2 |     1 |       |       ||     3
Armor: Robe              |     3 |    17 |     3 |       ||    23
       Steam dragon scal |       |       |    27 |   101 ||   128
Dodge: Dodged            |     7 |    14 |    31 |    76 ||   128
Block: Kite shield       |       |       |       |    93 ||    93
